 Dungeon Crawl Stone Soup version 0.26.0-18-gc5c842f807 (webtiles) character file.

Game seed: 7089641944168820235

97 thiole the Sneak (level 4, -1/27 HPs)
             Began as an Octopode Hedge Wizard on Jan 23, 2021.
             Slain by Grinder (8 damage)
             ... while paralysed by Grinder
             ... on level 3 of the Dungeon.
             The game lasted 00:01:43 (2041 turns).

thiole the Sneak (Octopode Hedge Wizard)            Turns: 2041, Time: 00:01:43

Health: -1/27      AC:  1    Str:  9    XL:     4   Next: 68%
Magic:  9/9        EV:  2    Int: 17    God:
Gold:   87         SH:  0    Dex: 11    Spells: 9/10 levels left

rFire    . . .     SeeInvis .   g - +2 dagger (drain)
rCold    . . .     Faith    .   (no shield)
rNeg     . . .     Spirit   .   b - +0 hat
rPois    .         Reflect  .   (no amulet)
rElec    .         Harm     .   (no ring)
rCorr    .         Rampage  .   (no ring)
Will     .....                  (no ring)
Stlth    +++.......             (no ring)
HPRegen  0.09/turn              (no ring)
MPRegen  0.11/turn              (no ring)
                                (no ring)
                                (no ring)

@: paralysed
A: almost no armour, stealthy swim, amphibious, 8 rings, constrict 8, camouflage
1, gelatinous body 1
a: no special abilities


You were on level 3 of the Dungeon.
You visited 1 branch of the dungeon, and saw 3 of its levels.

You collected 87 gold pieces.

Inventory:

Hand Weapons
 a - a +0 dagger
 g - a +2 dagger of draining (weapon)
Armour
 b - a +0 hat (worn)
Jewellery
 q - an uncursed ring of protection from fire {unknown}
Wands
 r - a wand of flame (23)
Scrolls
 e - a scroll of blinking {unknown}
 f - a scroll of magic mapping {unknown}
 i - 2 scrolls of noise {unknown}
 j - 4 scrolls of identify {unknown}
 l - a scroll of teleportation {unknown}
 n - a scroll of fog {unknown}
 p - 4 scrolls of remove curse {unknown}
Potions
 c - 2 potions of invisibility {unknown}
 d - 2 potions of might
 h - 2 potions of curing {unknown}
 k - 2 potions of berserk rage {unknown}
 m - a potion of haste {unknown}
 o - 2 potions of mutation {unknown}


   Skills:
 - Level 2.0 Dodging
 + Level 4.4 Stealth
 + Level 3.6 Spellcasting
 - Level 2.0 Conjurations
 - Level 2.0 Summonings
 - Level 1.0 Translocations


You had 9 spell levels left.
You knew the following spells:

 Your Spells              Type           Power        Failure   Level
a - Magic Dart            Conj           36%          7%          1

Your spell library contained the following spells:

 Spells                   Type           Power        Failure   Level
 Call Imp                 Summ           9%           11%         2
 Blink                    Tloc           N/A          16%         2
 Slow                     Hex            3%           24%         2
 Conjure Flame            Conj/Fire      6%           32%         3
 Mephitic Cloud           Conj/Pois/Air  5%           36%         3


Dungeon Overview and Level Annotations

Branches:
Dungeon (3/15)

Altars:
Yredelemnul

Annotations:
D:3 Grinder


Innate Abilities, Weirdness & Mutations

You cannot wear most types of armour.
You are very stealthy in the water. (Stealth+)
You are amphibious.
You can wear up to eight rings at the same time.
You can use your tentacles to constrict eight enemies at once.
Your skin changes colour to match your surroundings (Stealth+).
Your rubbery body absorbs attacks. (AC +1, EV +1)


Message History

There is a stone staircase leading up here.
Grinder comes into view.
Grinder shouts!
A bat comes into view.
You closely miss Grinder. Your grab misses Grinder. Grinder hits you!
You writhe in agony.
You barely miss Grinder. You grab Grinder. You constrict Grinder.
Grinder says, "Mostly I couldn't keep them alive."
Grinder hits you.
You hit Grinder but do no damage.
Grinder is lightly wounded.
You constrict Grinder. Grinder gestures at you.
You suddenly lose the ability to move!
You lose your grip on Grinder.
Grinder hits you. x2
* * * LOW HITPOINT WARNING * * *
You writhe in agony.
* * * LOW HITPOINT WARNING * * *
Grinder hits you!
You die...

#.#.<. .###.. .#
# .# ## .. . .#.#
. ####....# # #.
#.5b.# #
#.#.##@## ...
.........###.....
..............#
.........####.##
........<......#
.........#######
..........
...........
....#####.#


You could see Grinder and a bat.

Vanquished Creatures
  Natasha (thrice) (D:2)
  A dart slug (D:1)
  A leopard gecko (D:2)
  An orc (D:2)
  2 bats
  3 goblins
  A hobgoblin (D:2)
  3 jackals (D:2)
  A frilled lizard (D:1)
  A kobold (D:1)
  3 rats
20 creatures vanquished.

Notes
Turn   | Place    | Note
-------+----------+-------------------------------------------
     0 | D:1      | thiole the Octopode Hedge Wizard began the quest for the
                  | Orb.
     0 | D:1      | Reached XP level 1. HP: 11/11 MP: 4/4
    71 | D:1      | You fall into a shaft and drop 1 floor!
   167 | D:2      | Found a basalt altar of Yredelemnul.
   181 | D:2      | Reached XP level 2. HP: 6/17 MP: 6/6
   704 | D:2      | Reached skill level 3 in Stealth
   785 | D:2      | Noticed Natasha
   791 | D:2      | Killed Natasha
   792 | D:2      | Reached XP level 3. HP: 21/21 MP: 2/7
  1146 | D:2      | Noticed Natasha
  1152 | D:2      | Killed Natasha
  1153 | D:2      | Reached skill level 4 in Stealth
  1153 | D:2      | Reached XP level 4. HP: 12/27 MP: 7/9
  1922 | D:2      | Noticed Natasha
  1929 | D:2      | Killed Natasha
  2035 | D:3      | Noticed Grinder
  2038 | D:3      | Paralysed by Grinder for 6 turns
  2041 | D:3      | Slain by Grinder

Illustrated notes

Levels and vault maps discovered:
D:1:      dpeg_arrival_orchard, layout_rooms
D:2:      layout_loops_ring, yredelemnul_altar_generic,
          chequers_decorated_corner, minmay_misc_feat_x, uniq_natasha
D:3:      layout_rooms, kennysheep_generic_room_13, uniq_robin, uniq_grinder

Skill      XL: |  1  2  3 |
---------------+----------+-----
Stealth        | 3 4 |  4.4
Conjurations   | 2 |  2.0
Summonings     | 2 |  2.0
Dodging        | |  2.0
Spellcasting   | |  3.6
Translocations | |  1.0

Action                   |  1- 3 |  4- 6 || total
-------------------------+-------+-------++-------
Melee: Dagger            |    20 |     8 ||    28
       Tentacles         |     5 |     1 ||     6
       Constrict         |     3 |     2 ||     5
 Cast: Magic Dart        |    26 |    12 ||    38
Dodge: Dodged            |    13 |     3 ||    16
